TOP OF THE 1ST |
Newport News HS Paints batting - Pitching for Tacoma HS Torchmen : LHP Markus Brockmann
|
Pitching: LHP Markus Brockmann
|
|
Batting: RHB Pedro Granados
|
0-0: SINGLE (Groundball, 56S) (infield hit)
|
Batting: RHB James Calderón
|
0-0: Foul Ball, location: 2F 0-1: Called Strike 0-2: Fly out, F4 (Line Drive, 4)
|
Batting: RHB Steve Cooper
|
0-0: Ball 1-0: Called Strike 1-1: Ball 2-1: Ball 3-1: Base on Balls Pedro Granados to second
|
Batting: RHB Pete Clark
|
0-0: Called Strike 0-1: Called Strike 0-2: Ball 1-2: Ball 2-2: Foul Ball, location: 2F 2-2: Foul Ball, location: 2F 2-2: Strikes out swinging
|
Batting: SHB Carlos Matos
|
0-0: Single, Error in OF, E7, batter to second base Pedro Granados scores Steve Cooper to third
|
Batting: SHB Augusto Guerrero
|
0-0: Swinging Strike 0-1: DOUBLE (Line Drive, 8RD) Steve Cooper scores Carlos Matos scores
|
Batting: LHB Juan Ángel
|
0-0: Ground out 4-3 (Groundball, 4MD)
|
Top of the 1st over - 3 runs, 3 hits, 1 error, 1 left on base; Newport News HS 3 - Tacoma HS 0 |
BOTTOM OF THE 1ST |
Tacoma HS Torchmen batting - Pitching for Newport News HS Paints : RHP David Alomar
|
Pitching: RHP David Alomar
|
|
Batting: RHB Sam Davis
|
0-0: Foul Ball, location: 2F 0-1: Foul Ball, location: 2F 0-2: Foul Ball, location: 2F 0-2: Strikes out looking
|
Batting: LHB Joseph Wood
|
0-0: SOLO HOME RUN (Line Drive, 89XD), Distance : 413 ft
|
Batting: RHB Bruce Cooper
|
0-0: Ball 1-0: Called Strike 1-1: Ball 2-1: Fly out, F4 (Flyball, 4MD)
|
Batting: RHB Jim Lipscomb
|
0-0: Called Strike 0-1: Ball 1-1: SOLO HOME RUN (Flyball, 7LD), Distance : 345 ft
|
Batting: RHB Glenn Browne
|
0-0: Ball 1-0: SINGLE (Line Drive, 56D)
|
Batting: RHB David Carter
|
0-0: Called Strike 0-1: Foul Ball, location: 2F 0-2: Strikes out swinging
|
Bottom of the 1st over - 2 runs, 3 hits, 0 errors, 1 left on base; Newport News HS 3 - Tacoma HS 2 |
TOP OF THE 2ND |
Newport News HS Paints batting - Pitching for Tacoma HS Torchmen : LHP Markus Brockmann
|
Batting: RHB Lee Boswell
|
0-0: Ball 1-0: Called Strike 1-1: SINGLE (Groundball, 6MD)
|
Batting: SHB Francisco Reyes
|
0-0: Called Strike 0-1: Foul Ball, location: 2F 0-2: Ball 1-2: Ball 2-2: Ball 3-2: Fly out, F8 (Flyball, 8RD)
|
Batting: RHB Pedro Granados
|
0-0: Called Strike 0-1: Ball 1-1: Ball 2-1: Ball 3-1: Base on Balls Lee Boswell to second
|
Batting: RHB James Calderón
|
0-0: Ball 1-0: Ball 2-0: Foul Ball, location: 2F 2-1: Ball 3-1: Base on Balls Lee Boswell to third Pedro Granados to second
|
Batting: RHB Steve Cooper
|
0-0: Foul Ball, location: 2F 0-1: Ball 1-1: Swinging Strike 1-2: Strikes out swinging
|
Batting: RHB Pete Clark
|
0-0: Called Strike 0-1: Swinging Strike 0-2: Strikes out swinging
|
Top of the 2nd over - 0 runs, 1 hit, 0 errors, 3 left on base; Newport News HS 3 - Tacoma HS 2 |
BOTTOM OF THE 2ND |
Tacoma HS Torchmen batting - Pitching for Newport News HS Paints : RHP David Alomar
|
Batting: RHB Bobby Jackson
|
0-0: Called Strike 0-1: Ball 1-1: Called Strike 1-2: Fly out, F9 (Flyball, 9LS)
|
Batting: LHB Ben Underwood
|
0-0: Called Strike 0-1: Foul Ball, location: 2F 0-2: SINGLE (Flyball, 9S)
|
Batting: LHB Alberto Barrios
|
0-0: Ball 1-0: Called Strike 1-1: Ball 2-1: Ball 3-1: Swinging Strike 3-2: SINGLE (Groundball, 56D) Ben Underwood to second
|
Batting: RHB Sam Davis
|
0-0: Ball 1-0: Ball 2-0: TRIPLE (Line Drive, 89XD) Ben Underwood scores Alberto Barrios scores
|
Batting: LHB Joseph Wood
|
0-0: Called Strike 0-1: Called Strike 0-2: Ball 1-2: Ball 2-2: Strikes out swinging
|
Batting: RHB Bruce Cooper
|
0-0: SINGLE (Line Drive, 9S) Sam Davis scores
|
Batting: RHB Jim Lipscomb
|
0-0: Ball 1-0: Called Strike 1-1: Fly out, F8 (Flyball, 8RD)
|
Bottom of the 2nd over - 3 runs, 4 hits, 0 errors, 1 left on base; Newport News HS 3 - Tacoma HS 5 |
TOP OF THE 3RD |
Newport News HS Paints batting - Pitching for Tacoma HS Torchmen : LHP Markus Brockmann
|
Batting: SHB Carlos Matos
|
0-0: Ball 1-0: Called Strike 1-1: Foul Ball, location: 2F 1-2: Foul Ball, location: 2F 1-2: SINGLE (Groundball, 56D)
|
Batting: SHB Augusto Guerrero
|
0-0: Ball 1-0: Foul Ball, location: 2F 1-1: Swinging Strike 1-2: Ball 2-2: Fielders Choice at 2nd, 4-6 (Groundball, 4)
|
Batting: LHB Juan Ángel
|
0-0: Ball 1-0: Swinging Strike 1-1: Called Strike 1-2: Ground out 6-3 (Groundball, 6M) Augusto Guerrero to second
|
Batting: RHB Lee Boswell
|
0-0: Ball 1-0: Ball 2-0: Foul Ball, location: 2F 2-1: SINGLE (Groundball, 6MD) Augusto Guerrero to third Runner from 3rd tries for Home, SAFE, no throw
|
Batting: SHB Francisco Reyes
|
0-0: Ball 1-0: Called Strike 1-1: Ball 2-1: Swinging Strike 2-2: Ball 3-2: Foul Ball, location: 2F 3-2: SINGLE (Groundball, 6D) Lee Boswell to second Lee Boswell to third
|
Batting: RHB Pedro Granados
|
0-0: Fly out, F7 (Flyball, 7)
|
Top of the 3rd over - 1 run, 3 hits, 0 errors, 2 left on base; Newport News HS 4 - Tacoma HS 5 |
BOTTOM OF THE 3RD |
Tacoma HS Torchmen batting - Pitching for Newport News HS Paints : RHP David Alomar
|
Batting: RHB Glenn Browne
|
0-0: Ball 1-0: Foul Ball, location: 2F 1-1: Ball 2-1: Reached on error, E6 (Groundball, 56)
|
Batting: RHB David Carter
|
0-0: Ball 1-0: Ball 2-0: Ball 3-0: Base on Balls Glenn Browne to second
|
Batting: RHB Bobby Jackson
|
0-0: Foul Ball, location: 2F 0-1: Foul Ball, location: 2F 0-2: Ball 1-2: Ball 2-2: Strikes out swinging
|
Batting: LHB Ben Underwood
|
0-0: Called Strike 0-1: Foul Ball, location: 2F 0-2: Ball 1-2: Ball 2-2: Ball 3-2: Base on Balls Glenn Browne to third David Carter to second
|
Batting: LHB Alberto Barrios
|
0-0: Ball 1-0: Foul Ball, location: 2F 1-1: Foul Ball, location: 2F 1-2: Ball 2-2: Fly out, F5 (Line Drive, 56)
|
Batting: RHB Sam Davis
|
0-0: Called Strike 0-1: Ball 1-1: Ball 2-1: Ball 3-1: Fielders Choice at 2nd, 5-4 (Groundball, 5)
|
Bottom of the 3rd over - 0 runs, 0 hits, 1 error, 3 left on base; Newport News HS 4 - Tacoma HS 5 |
TOP OF THE 4TH |
Newport News HS Paints batting - Pitching for Tacoma HS Torchmen : LHP Markus Brockmann
|
Batting: RHB James Calderón
|
0-0: Ball 1-0: DOUBLE (Line Drive, 8RD)
|
Batting: RHB Steve Cooper
|
0-0: Ball 1-0: Ball 2-0: Called Strike 2-1: Ball 3-1: Base on Balls
|
Batting: RHB Pete Clark
|
0-0: Ball 1-0: Called Strike 1-1: Foul Ball, location: 2F 1-2: Strikes out swinging
|
Pitching: LHP Eric Pitcher
|
|
Batting: SHB Carlos Matos
|
0-0: Ball 1-0: Fly out, F8 (Flyball, 78D)
|
Batting: SHB Augusto Guerrero
|
0-0: Called Strike 0-1: Fly out, F7 (Flyball, 7LDF)
|
Top of the 4th over - 0 runs, 1 hit, 0 errors, 2 left on base; Newport News HS 4 - Tacoma HS 5 |
BOTTOM OF THE 4TH |
Tacoma HS Torchmen batting - Pitching for Newport News HS Paints : RHP David Alomar
|
Batting: LHB Joseph Wood
|
0-0: Ground out 5-3 (Groundball, 56)
|
Batting: RHB Bruce Cooper
|
0-0: Ball 1-0: Swinging Strike 1-1: SINGLE (Line Drive, 6MD)
|
Batting: RHB Jim Lipscomb
|
0-0: Ball Pickoff Throw to First - Out! 1-0: Ball 2-0: Foul Ball, location: 2F 2-1: Called Strike 2-2: Foul Ball, location: 2F 2-2: Ball 3-2: Foul Ball, location: 2F 3-2: Base on Balls
|
Pitching: LHP Thomas-Louis Noël
|
|
Batting: RHB Glenn Browne
|
0-0: Called Strike 0-1: Ball 1-1: Called Strike 1-2: Strikes out looking
|
Bottom of the 4th over - 0 runs, 1 hit, 0 errors, 1 left on base; Newport News HS 4 - Tacoma HS 5 |
TOP OF THE 5TH |
Newport News HS Paints batting - Pitching for Tacoma HS Torchmen : LHP Eric Pitcher
|
Batting: LHB Juan Ángel
|
0-0: Ball 1-0: Foul Ball, location: 2F 1-1: DOUBLE (Flyball, 89XD)
|
Batting: RHB Lee Boswell
|
0-0: Ball 1-0: Fly out, F8 (Line Drive, 8RD)
|
Batting: SHB Francisco Reyes
|
0-0: Foul Ball, location: 2F 0-1: Ball Wild Pitch! Juan Ángel to third 1-1: Foul Ball, location: 2F 1-2: Ball 2-2: Ground out 6-3 (Groundball, 6) Juan Ángel scores
|
Batting: RHB Pedro Granados
|
0-0: Ball 1-0: Ball 2-0: Ball 3-0: Called Strike 3-1: Foul Ball, location: 2F 3-2: Base on Balls
|
Batting: RHB James Calderón
|
0-0: Called Strike 0-1: Ball Pedro Granados steals 2nd base 1-1: DOUBLE (Line Drive, 7LM) Pedro Granados scores
|
Batting: RHB Steve Cooper
|
0-0: Called Strike 0-1: SINGLE (Line Drive, 89S) James Calderón to third
|
Batting: RHB Pete Clark
|
0-0: Ball 1-0: Foul Ball, location: 2F 1-1: Swinging Strike 1-2: Foul Ball, location: 2F 1-2: Strikes out swinging
|
Top of the 5th over - 2 runs, 3 hits, 0 errors, 2 left on base; Newport News HS 6 - Tacoma HS 5 |
BOTTOM OF THE 5TH |
Tacoma HS Torchmen batting - Pitching for Newport News HS Paints : LHP Thomas-Louis Noël
|
Batting: RHB David Carter
|
0-0: Ball 1-0: Swinging Strike 1-1: Foul Ball, location: 2F 1-2: DOUBLE (Groundball, 5L)
|
Batting: RHB Bobby Jackson
|
0-0: Called Strike 0-1: Ball 1-1: Foul Ball, location: 2F 1-2: Ball 2-2: Ball 3-2: SINGLE (Line Drive, 8RM) David Carter to third
|
Batting: LHB Ben Underwood
|
0-0: Ball 1-0: Ground out 4-3 (Groundball, 4S) David Carter scores Bobby Jackson to second
|
Batting: LHB Alberto Barrios
|
0-0: Ball 1-0: Called Strike 1-1: Ball 2-1: Foul Ball, location: 2F 2-2: DOUBLE (Flyball, 78XD) Bobby Jackson scores
|
Batting: RHB Sam Davis
|
0-0: Ball Wild Pitch! Alberto Barrios to third 1-0: Foul Ball, location: 2F 1-1: Ball 2-1: Foul Ball, location: 2F 2-2: Strikes out swinging
|
Batting: LHB Joseph Wood
|
0-0: Ball 1-0: Called Strike 1-1: Foul Ball, location: 2F 1-2: Foul Ball, location: 2F 1-2: Ball 2-2: SINGLE (Groundball, 34D) Alberto Barrios scores
|
Batting: RHB Bruce Cooper
|
0-0: Called Strike 0-1: Swinging Strike 0-2: Foul Ball, location: 2F 0-2: SINGLE (Flyball, 8RS) Joseph Wood to second Runner from 2nd tries for 3rd, SAFE, no throw
|
Batting: RHB Jim Lipscomb
|
0-0: Ball 1-0: Ball 2-0: Ball 3-0: Called Strike 3-1: Foul Ball, location: 2F 3-2: Base on Balls Bruce Cooper to second
|
Batting: RHB Glenn Browne
|
0-0: SINGLE (Line Drive, 7S) Joseph Wood scores Bruce Cooper to third Jim Lipscomb to second
|
Pitching: LHP Ken Rivera
|
|
Batting: RHB David Carter
|
0-0: Ball 1-0: Ball 2-0: Reached on error, E6 (Groundball, 6S) Bruce Cooper scores Jim Lipscomb to third Glenn Browne to second
|
Batting: RHB Bobby Jackson
|
0-0: Called Strike 0-1: Ball 1-1: Foul Ball, location: 2F 1-2: Hit by Pitch Jim Lipscomb scores Glenn Browne to third David Carter to second
|
Batting: LHB Ben Underwood
|
0-0: Ball 1-0: Ball 2-0: Foul Ball, location: 2F 2-1: Swinging Strike 2-2: Foul Ball, location: 2F 2-2: Hit by Pitch Glenn Browne scores David Carter to third Bobby Jackson to second
|
Batting: LHB Alberto Barrios
|
0-0: Called Strike 0-1: Ball 1-1: Foul Ball, location: 2F 1-2: Ball 2-2: Strikes out swinging
|
Bottom of the 5th over - 7 runs, 6 hits, 1 error, 3 left on base; Newport News HS 6 - Tacoma HS 12 |
TOP OF THE 6TH |
Newport News HS Paints batting - Pitching for Tacoma HS Torchmen : LHP Eric Pitcher
|
Batting: SHB Carlos Matos
|
0-0: Ball 1-0: Called Strike 1-1: Ball 2-1: Ball 3-1: Base on Balls
|
Batting: SHB Augusto Guerrero
|
0-0: Ball Passed Ball! Carlos Matos to second 1-0: Ball 2-0: Ball 3-0: Called Strike 3-1: Called Strike 3-2: Base on Balls
|
Batting: LHB Juan Ángel
|
0-0: SINGLE (Groundball, 56D) Carlos Matos to third Augusto Guerrero to second
|
Batting: RHB Lee Boswell
|
0-0: Called Strike 0-1: SINGLE (Flyball, 89S) Carlos Matos scores Augusto Guerrero to third Juan Ángel to second
|
Pitching: LHP Bryan Adams
|
|
Batting: SHB Francisco Reyes
|
0-0: Ball 1-0: Ball 2-0: Ball 3-0: Base on Balls Augusto Guerrero scores Juan Ángel to third Lee Boswell to second
|
Batting: RHB Pedro Granados
|
0-0: Ball 1-0: SINGLE (Groundball, 56S) (infield hit) Juan Ángel scores Lee Boswell to third Francisco Reyes to second
|
Batting: RHB James Calderón
|
0-0: Ball 1-0: Ball 2-0: Called Strike 2-1: Foul Ball, location: 2F 2-2: Ball 3-2: SINGLE (Flyball, 8RS) Lee Boswell scores Francisco Reyes to third Pedro Granados to second
|
Batting: RHB Steve Cooper
|
0-0: Fly out, F7 (Flyball, 7S) Runner from 3rd tags up, OUT at HOME Pedro Granados to third James Calderón to second
|
Batting: RHB Pete Clark
|
0-0: Ball 1-0: Called Strike 1-1: Swinging Strike 1-2: Strikes out swinging
|
Top of the 6th over - 4 runs, 4 hits, 0 errors, 2 left on base; Newport News HS 10 - Tacoma HS 12 |
BOTTOM OF THE 6TH |
Tacoma HS Torchmen batting - Pitching for Newport News HS Paints : LHP Ken Rivera
|
Batting: RHB Sam Davis
|
0-0: Called Strike 0-1: Foul Ball, location: 2F 0-2: Foul Ball, location: 2F 0-2: Ball 1-2: Foul Ball, location: 2F 1-2: Strikes out swinging
|
Batting: LHB Joseph Wood
|
0-0: Called Strike 0-1: Swinging Strike 0-2: Foul Ball, location: 2F 0-2: Ball 1-2: Ball 2-2: Ball 3-2: Strikes out looking
|
Batting: RHB Bruce Cooper
|
0-0: Foul Ball, location: 2F 0-1: SINGLE (Line Drive, 4MD)
|
Batting: RHB Jim Lipscomb
|
0-0: Ball 1-0: Ball 2-0: Ball 3-0: Called Strike 3-1: Ground out 1-3 (Groundball, 13S)
|
Bottom of the 6th over - 0 runs, 1 hit, 0 errors, 1 left on base; Newport News HS 10 - Tacoma HS 12 |
TOP OF THE 7TH |
Newport News HS Paints batting - Pitching for Tacoma HS Torchmen : LHP Bryan Adams
|
Batting: SHB Carlos Matos
|
0-0: Ball 1-0: Ball 2-0: Ball 3-0: Base on Balls
|
Batting: SHB Augusto Guerrero
|
0-0: Ball 1-0: Ball 2-0: Swinging Strike 2-1: Reached on error, E6 (Groundball, 6) Carlos Matos to second
|
Batting: LHB Juan Ángel
|
0-0: Bunted foul 0-1: Sac Bunt - play at first, batter OUT! 3-4 Carlos Matos to third Augusto Guerrero to second
|
Batting: RHB Lee Boswell
|
0-0: Ball 1-0: Foul Ball, location: 2F 1-1: Foul Ball, location: 2F 1-2: Ball 2-2: Ball 3-2: Base on Balls
|
Pinch Hitting: RHB José Estrada
|
0-0: Foul Ball, location: 2F 0-1: Foul Ball, location: 2F 0-2: Ball 1-2: Foul Ball, location: 2F 1-2: Grounds into double play, 6-2-3 (Groundball, 6)
|
Top of the 7th over - 0 runs, 0 hits, 1 error, 2 left on base; Newport News HS 10 - Tacoma HS 12 |
BOTTOM OF THE 7TH |
Tacoma HS Torchmen batting - Pitching for Newport News HS Paints : LHP Ken Rivera
|
Now in CF: Michael Wheeler
|
|
Batting: RHB Glenn Browne
|
0-0: Ball 1-0: Swinging Strike 1-1: Fly out, F7 (Flyball, 7S)
|
Batting: RHB David Carter
|
0-0: Foul Ball, location: 2F 0-1: Called Strike 0-2: Ball 1-2: Strikes out swinging
|
Batting: RHB Bobby Jackson
|
0-0: Ball 1-0: Ball 2-0: Ball 3-0: Called Strike 3-1: TRIPLE (Flyball, 7LD)
|
Batting: LHB Ben Underwood
|
0-0: Ball 1-0: Ball 2-0: Called Strike 2-1: Ball 3-1: Base on Balls
|
Pinch Hitting: RHB John Barnett
|
0-0: Fielders Choice at 2nd, 5-4 (Groundball, 56)
|
Bottom of the 7th over - 0 runs, 1 hit, 0 errors, 2 left on base; Newport News HS 10 - Tacoma HS 12 |
TOP OF THE 8TH |
Newport News HS Paints batting - Pitching for Tacoma HS Torchmen : LHP Bryan Adams
|
Now in RF: Phil Marshall
|
|
Batting: RHB Pedro Granados
|
0-0: Foul Ball, location: 2F 0-1: Ball 1-1: Ball 2-1: Foul Ball, location: 2F 2-2: Fly out, F3 (Popup, 23F)
|
Batting: RHB James Calderón
|
0-0: Called Strike 0-1: Ball 1-1: Foul Ball, location: 2F 1-2: Hit by Pitch
|
Batting: RHB Steve Cooper
|
0-0: Ball 1-0: Called Strike 1-1: Swinging Strike 1-2: Foul Ball, location: 2F 1-2: Strikes out swinging
|
Batting: RHB Pete Clark
|
0-0: SINGLE (Groundball, 6MD) James Calderón to second
|
Pitching: RHP Chris Preston
|
|
Batting: SHB Carlos Matos
|
0-0: Ball 1-0: Ball 2-0: Foul Ball, location: 2F 2-1: Ball 3-1: Called Strike 3-2: DOUBLE (Line Drive, 89M) James Calderón scores Pete Clark to third Pete Clark scores
|
Batting: SHB Augusto Guerrero
|
0-0: Ball 1-0: Ball 2-0: Called Strike 2-1: TRIPLE (Flyball, 8RXD) Carlos Matos scores
|
Pitching: LHP Zack Johnson
|
|
Batting: LHB Juan Ángel
|
0-0: Ball 1-0: Ball 2-0: Called Strike 2-1: Ball 3-1: Foul Ball, location: 2F 3-2: Base on Balls
|
Pitching: RHP Thomas Head
|
|
Batting: RHB Lee Boswell
|
0-0: Swinging Strike 0-1: Foul Ball, location: 2F 0-2: Ball 1-2: Foul Ball, location: 2F 1-2: Strikes out swinging
|
Top of the 8th over - 3 runs, 3 hits, 0 errors, 2 left on base; Newport News HS 13 - Tacoma HS 12 |
BOTTOM OF THE 8TH |
Tacoma HS Torchmen batting - Pitching for Newport News HS Paints : LHP Ken Rivera
|
Batting: RHB Sam Davis
|
0-0: Ball 1-0: Foul Ball, location: 2F 1-1: Foul Ball, location: 2F 1-2: Foul Ball, location: 2F 1-2: Ball 2-2: Fly out, F7 (Flyball, 7)
|
Pitching: LHP Preston Smith
|
|
Batting: LHB Joseph Wood
|
0-0: Ball 1-0: Ball 2-0: Foul Ball, location: 2F 2-1: Foul Ball, location: 2F 2-2: Ball 3-2: Fly out, F4 (Flyball, 4D)
|
Batting: RHB Bruce Cooper
|
0-0: Ball 1-0: Ball 2-0: Ball 3-0: Called Strike 3-1: Base on Balls
|
Batting: RHB Jim Lipscomb
|
0-0: Ball 1-0: Ball 2-0: Ball Passed Ball! Bruce Cooper to second 3-0: Base on Balls
|
Batting: RHB Glenn Browne
|
0-0: Foul Ball, location: 2F 0-1: Ball 1-1: Foul Ball, location: 2F 1-2: SINGLE (Line Drive, 78S) Bruce Cooper to third Jim Lipscomb to second
|
Batting: RHB David Carter
|
0-0: Ball 1-0: Ball 2-0: SINGLE (Groundball, 6MD) Bruce Cooper scores Jim Lipscomb to third Glenn Browne to second Runner from 3rd tries for Home, SAFE, no throw
|
Batting: RHB Bobby Jackson
|
0-0: Ball 1-0: Foul Ball, location: 2F 1-1: Foul Ball, location: 2F 1-2: 3-RUN HOME RUN (Line Drive, 7D), Distance : 363 ft
|
Batting: LHB Ben Underwood
|
0-0: Ball 1-0: Called Strike 1-1: Foul Ball, location: 2F 1-2: Fly out, F8 (Flyball, 8RD)
|
Bottom of the 8th over - 5 runs, 3 hits, 0 errors, 0 left on base; Newport News HS 13 - Tacoma HS 17 |
TOP OF THE 9TH |
Newport News HS Paints batting - Pitching for Tacoma HS Torchmen : RHP Thomas Head
|
Batting: LHB Michael Wheeler
|
0-0: Swinging Strike 0-1: Ball 1-1: SINGLE (Groundball, 56D)
|
Batting: RHB Pedro Granados
|
0-0: Ball 1-0: Ball 2-0: Ball 3-0: Base on Balls Michael Wheeler to second
|
Pitching: RHP Arthur Blair
|
|
Batting: RHB James Calderón
|
0-0: Swinging Strike 0-1: Foul Ball, location: 2F 0-2: Ball 1-2: Foul Ball, location: 2F 1-2: Ball 2-2: Foul Ball, location: 2F 2-2: Ball 3-2: Base on Balls Michael Wheeler to third Pedro Granados to second
|
Batting: RHB Steve Cooper
|
0-0: Fly out, F9 (Flyball, 9) Runner from 3rd tags up, SCORES, no throw
|
Batting: RHB Pete Clark
|
0-0: Swinging Strike 0-1: Ball 1-1: Foul Ball, location: 2F 1-2: Ball 2-2: Ball 3-2: Hit by Pitch Pedro Granados to third James Calderón to second
|
Batting: SHB Carlos Matos
|
0-0: Swinging Strike 0-1: Ball 1-1: Swinging Strike 1-2: Strikes out swinging
|
Batting: SHB Augusto Guerrero
|
0-0: Ball 1-0: Ground out 6-3 (Groundball, 6S)
|
Top of the 9th over - 1 run, 1 hit, 0 errors, 3 left on base; Newport News HS 14 - Tacoma HS 17 |
|